Map: Ruins of Seras

Players

SticklerMac

  • Race: Zerg Zerg
  • League: Grandmaster

BasioSCII - Winner!

  • Race: Protoss Protoss
  • League: Grandmaster

VOD

Have the link to the VOD?

Description

Time

  • Played on: June 19, 2015, 1:12 a.m.
  • Length: 48:43
Show
View Real Time Build Order
Export as new Build Order

SticklerMac Zerg 

Build Orders: Pool First, Lurkers 

Get SALT Encoding   

  12  0:02  Drone  
  13  0:08  Drone  
  14  0:14  Extractor  
  14  0:15  Drone  
  14  0:33  Spawning Pool  
  13  0:36  Drone  
  14  0:46  Overlord  
  14  1:04  Drone x3  
  17  1:20  Metabolic Boost  
  17  1:25  Queen  
  19  1:29  Drone  
  20  1:36  Overlord  
  20  1:46  Baneling Nest, Drone  
  20  1:54  Drone  
  21  1:58  Drone  
  22  2:09  Drone  
  22  2:12  Extractor  
  22  2:26  Drone  
  23  2:30  Hatchery  
  22  2:38  Drone x3  
  25  2:47  Overlord  
  25  2:56  Zergling x4  
  27  3:01  Drone  
  28  3:09  Lair  
  28  3:10  Drone  
  29  3:35  Drone x4  
  33  3:45  Drone x3  
  33  3:46  Drone x2  
  38  3:50  Drone  
  39  4:02  Drone x2  
  41  4:05  Queen  
  41  4:07  Zergling x2  
  44  4:21  Overlord x2  
  44  4:41  Overlord x2  
  43  4:56  Infestation Pit  
  42  5:01  Overlord  
  42  5:02  Overlord  
  42  5:22  Hydralisk Den  
  41  5:35  Hive  
  38  5:44  Overseer  
  32  5:50  Hatchery  
  19  6:07  Drone x21  
  19  6:11  Drone  
  41  6:14  Overseer  
  37  6:27  Zergling x4  
  35  6:36  Queen  
  37  6:43  Drone x3, Lurker Den  
  37  6:44  Drone  
  37  6:46  Drone  
  37  6:47  Drone x2  
  44  7:12  Extractor  
  44  7:13  Drone x8, Extractor  
  50  7:21  Zergling x4  
  50  7:31  Zergling x4  
  50  7:36  Queen  
  53  7:57  Drone x8  
  60  8:13  Hydralisk  
  60  8:14  Hydralisk x7  
  72  8:29  Hydralisk x2  
  76  8:36  Hydralisk  
  76  8:37  Roach Warren, Hydralisk x3  
  76  8:41  Hydralisk x3  
  79  8:47  Spine Crawler  
  82  8:48  Spine Crawler x2  
  82  8:50  Spine Crawler  
  82  8:52  Spine Crawler  
  82  8:53  Spine Crawler  
  75  8:57  Spine Crawler  
  72  9:23  Hatchery  
  71  9:37  Hatchery  
  70  9:43  Roach x7  
  84  9:59  Overlord x5  
  84  10:00  Overlord  
  84  10:19  Hydralisk  
  84  10:20  Hydralisk x5  
  74  10:26  Hydralisk  
  74  10:27  Hydralisk  
  78  10:31  Hydralisk  
  80  10:36  Drone  
  80  10:41  Drone x3  
  84  10:44  Drone  
  85  10:50  Drone x2  
  85  10:51  Drone  
  85  10:53  Drone  
  85  10:55  Drone  
  90  11:01  Queen  
  87  11:28  Hydralisk x2  
  87  11:29  Hydralisk x6  
  103  11:34  Hydralisk x5  
  103  11:51  Roach  
  103  11:52  Roach x4  
  103  11:54  Lurker x5  
  81  12:29  Spire  
  80  12:41  Overlord x5  
  80  12:46  Glial Reconstitution  
  80  12:50  Muscular Augments  
  80  12:58  Queen  
  80  13:01  Overlord x3  
  55  13:45  Evolution Chamber  
  55  13:47  Evolution Chamber  
  49  13:52  Drone x19  
  68  13:56  Queen  
  68  13:58  Mutalisk x10  
  68  13:59  Mutalisk x4  
  71  14:40  Zergling x10  
  71  14:41  Zergling x24  
  81  15:22  Drone x5  
  81  15:23  Drone x5  
  81  15:24  Drone  
  92  16:04  Extractor x2  
  92  16:07  Drone x7  
  92  16:08  Drone x6  
  103  16:12  Extractor  
  103  16:15  Extractor  
  101  16:33  Drone  
  101  16:37  Drone x6  
  108  16:44  Drone x3  
  111  16:51  Zerg Missile Weapons Level 1  
  111  16:52  Zerg Ground Armor Level 1  
  111  16:57  Hydralisk  
  111  16:58  Hydralisk x10  
  111  17:00  Roach  
  135  17:38  Hatchery  
  135  17:43  Mutalisk  
  132  17:44  Mutalisk x10  
  132  17:49  Hydralisk  
  132  17:50  Hydralisk  
  158  17:58  Queen  
  158  18:18  Hydralisk  
  158  18:19  Hydralisk x9  
  164  18:20  Hydralisk  
  174  18:32  Drone  
  174  18:33  Drone x6  
  181  19:09  Queen  
  183  19:14  Hydralisk x6  
  183  19:15  Hydralisk x2  
  199  19:18  Zerg Ground Armor Level 2, Zerg Missile Weapons Level 2  
  199  19:21  Zerg Flyer Weapons Level 1  
  158  20:11  Hydralisk x2  
  158  20:12  Hydralisk x19, Extractor  
  199  20:14  Extractor  
  189  20:37  Hydralisk x5  
  178  20:52  Hydralisk  
  178  20:53  Hydralisk x6  
  89  21:11  Hydralisk  
  89  21:12  Hydralisk x3  
  71  21:43  Hatchery  
  70  21:50  Hatchery  
  69  22:02  Drone x6  
  69  22:03  Drone x2  
  75  22:31  Hatchery  
  72  22:39  Spore Crawler  
  72  22:41  Spore Crawler  
  65  22:46  Spore Crawler  
  53  23:00  Queen  
  53  23:03  Queen  
  53  23:05  Queen  
  57  23:10  Zerg Missile Weapons Level 3  
  57  23:11  Zerg Ground Armor Level 3  
  59  23:21  Queen  
  61  23:44  Drone x7  
  61  23:48  Drone  
  69  23:50  Drone  
  70  24:00  Queen  
  69  24:21  Queen  
  69  24:24  Queen  
  69  24:30  Drone x6  
  71  24:32  Drone  
  71  24:33  Drone  
  69  24:45  Drone x5  
  71  24:56  Overlord x2  
  71  24:57  Overlord  
  50  25:24  Spore Crawler  
  50  25:25  Spore Crawler  
  50  25:26  Spore Crawler  
  42  25:28  Spore Crawler  
  42  25:29  Spore Crawler x2  
  42  25:33  Spore Crawler  
  42  25:34  Spore Crawler  
  42  25:35  Spore Crawler  
  36  25:36  Drone x5  
  36  25:37  Drone  
  42  25:47  Queen  
  45  25:58  Queen  
  45  25:59  Drone  
  47  26:13  Drone x6  
  53  27:09  Hydralisk  
  53  27:10  Hydralisk  
  53  27:13  Overlord x4  
  53  27:14  Overlord x6  
  53  27:15  Overlord  
  57  27:19  Drone  
  57  27:20  Overlord x2  
  58  27:38  Drone x2  
  58  27:39  Drone x4  
  58  27:40  Drone  
  58  27:42  Drone  
  58  27:43  Drone x9  
  75  27:44  Drone  
  75  27:46  Drone  
  76  28:02  Drone x3  
  76  28:03  Drone  
  74  28:17  Hydralisk  
  74  28:18  Hydralisk x2  
  80  28:23  Hatchery  
  80  28:28  Hydralisk  
  80  28:29  Hydralisk x5  
  92  28:34  Hatchery, Lurker  
  92  28:35  Lurker  
  92  28:38  Hydralisk x3  
  92  28:40  Hydralisk  
  99  28:53  Hydralisk x2  
  99  28:54  Hydralisk x4  
  111  28:58  Lurker x4  
  111  28:59  Lurker x2  
  117  29:04  Lurker  
  117  29:06  Lurker x2  
  117  29:07  Lurker  
  117  29:08  Hydralisk x2  
  125  29:15  Hydralisk x3  
  125  29:16  Hydralisk  
  121  29:59  Hydralisk x11  
  123  30:00  Overlord  
  123  30:01  Overlord x7  
  123  31:12  Overlord  
  123  31:18  Spawning Pool  
  98  32:49  Drone x2  
  98  32:50  Drone x7  
  98  32:51  Drone x5  
  110  32:57  Zergling x24  
  110  32:58  Zergling x40  
  144  33:15  Lair  
  99  34:01  Zergling x8  
  99  34:02  Zergling x34  
  82  34:35  Zergling x16  
  78  34:45  Hydralisk Den  
  74  34:46  Infestation Pit  
  74  34:47  Zergling x12  
  79  34:53  Queen  
  81  35:11  Hatchery  
  80  35:21  Hatchery  
  79  35:23  Hatchery  
  79  35:24  Queen  
  80  35:42  Extractor  
  79  35:43  Extractor  
  72  35:50  Hydralisk x11  
  91  36:02  Zergling x12  
  91  36:09  Overseer  
  89  36:11  Lurker Den  
  89  36:19  Hive  
  89  36:49  Queen  
  93  36:54  Queen  
  93  37:12  Hatchery  
  92  37:25  Extractor  
  92  37:27  Extractor  
  88  37:35  Zergling x6  
  88  37:36  Zergling x18  
  100  37:42  Zergling x2  
  100  37:43  Zergling x6  
  100  37:53  Lurker x6  
  89  38:07  Zergling x8  
  89  38:08  Zergling x14  
  89  38:11  Queen  
  102  38:13  Queen  
  99  38:26  Zergling x16  
  99  38:27  Zergling x4  
  95  38:30  Zergling x2  
  95  38:31  Zergling x4  
  77  39:10  Hydralisk  
  77  39:11  Hydralisk x11  
  77  39:15  Queen  
  103  39:18  Queen  
  103  39:21  Queen  
  107  39:28  Hydralisk x3  
  107  39:29  Hydralisk  
  115  39:36  Zergling x2  
  115  39:37  Zergling x10  
  121  40:07  Zergling x2  
  121  40:08  Zergling x38  
  133  40:41  Zergling x24  
  133  40:42  Zergling x14  
  138  41:03  Zergling x16  
  87  41:18  Zergling x2  
  71  41:19  Zergling x10  
  69  41:26  Overseer  
  69  41:29  Hydralisk x4  
  77  41:36  Overseer  
  69  41:51  Overseer x2  
  64  41:55  Hydralisk x5  
  64  41:56  Hydralisk x12  
  92  42:05  Zergling x16  
  77  42:22  Overseer  
  76  42:31  Overseer  
  75  42:44  Queen  
  75  42:47  Hydralisk  
  75  42:48  Hydralisk x9  
  96  42:53  Zergling x2  
  97  43:29  Overlord  
  97  43:30  Overlord x6  
  97  43:56  Hydralisk x8  
  97  43:57  Hydralisk  
  60  44:26  Hydralisk  
  60  44:27  Hydralisk x3  
  60  44:28  Zergling x16  
  60  44:29  Zergling x4  
  76  44:45  Drone x3  
  77  44:46  Drone x8  
  87  44:53  Zergling x2  
  87  44:57  Overseer  
  88  45:07  Overseer  
  88  45:18  Overseer  
  88  45:21  Hydralisk  
  88  45:22  Hydralisk x3  
  88  45:23  Zergling x6  
  88  45:24  Zergling x20  
  109  45:41  Hatchery  
  61  46:22  Zergling x2  
  61  46:23  Zergling x14  
  46  46:26  Hydralisk x2  
  48  46:37  Zergling x4  
  48  46:55  Hydralisk  
  50  47:14  Hydralisk  
  50  47:15  Hydralisk  
  52  47:30  Hydralisk  
  52  47:31  Hydralisk  
  53  47:38  Zergling x2  
  49  47:44  Hydralisk  
  51  47:57  Drone x2  
  52  48:05  Zergling x4  
Show
View Real Time Build Order
Export as new Build Order

BasioSCII Protoss - Winner!

Build Orders: Dark Templar Rush 

Get SALT Encoding   

  12  0:01  Probe  
  13  0:13  Probe  
  14  0:23  Pylon  
  14  0:42  Probe (Chrono Boost), Gateway  
  15  0:47  Assimilator  
  15  0:52  Probe (Chrono Boost)  
  16  0:59  Probe (Chrono Boost)  
  16  1:03  Pylon  
  17  1:10  Probe (Chrono Boost)  
  18  1:17  Probe (Chrono Boost)  
  19  1:28  Probe (Chrono Boost)  
  19  1:30  Cybernetics Core  
  19  1:31  Zealot  
  23  1:40  Probe (Chrono Boost)  
  24  1:48  Probe (Chrono Boost)  
  24  2:07  Nexus  
  24  2:08  Stalker (Chrono Boost)  
  24  2:12  Warp Gate  
  26  2:15  Probe  
  27  2:27  Probe, Pylon  
  27  2:47  Forge  
  27  2:48  Sentry  
  27  2:51  Probe (Chrono Boost)  
  30  3:01  Probe (Chrono Boost), Twilight Council  
  31  3:08  Probe (Chrono Boost)  
  31  3:09  Pylon  
  33  3:20  Probe (Chrono Boost)  
  33  3:26  Probe x2 (Chrono Boost)  
  35  3:30  Photon Cannon  
  35  3:39  Probe x2  
  37  3:51  Probe x2  
  39  3:56  Dark Shrine  
  39  4:03  Gateway  
  39  4:06  Probe x2 (Chrono Boost)  
  39  4:07  Gateway  
  41  4:15  Assimilator  
  43  4:18  Probe x2 (Chrono Boost)  
  45  4:24  Probe (Chrono Boost)  
  45  4:25  Probe (Chrono Boost)  
  45  4:34  Probe (Chrono Boost)  
  45  4:35  Probe (Chrono Boost)  
  47  4:41  Pylon  
  47  4:42  Probe x2 (Chrono Boost)  
  47  4:45  Protoss Ground Weapons Level 1  
  49  4:49  Assimilator  
  49  4:53  Assimilator  
  49  4:58  Probe x2  
  51  5:12  Dark Templar  
  53  5:16  Probe (Chrono Boost)  
  53  5:17  Probe (Chrono Boost)  
  55  5:24  Dark Templar  
  55  5:26  Probe x2 (Chrono Boost)  
  59  5:38  Nexus  
  59  5:52  Pylon  
  59  5:54  Pylon  
  57  6:06  Robotics Facility  
  57  6:09  Probe (Chrono Boost)  
  60  6:11  Mothership Core (Chrono Boost)  
  60  6:14  Pylon x2  
  60  6:18  Pylon  
  61  6:19  Probe (Chrono Boost), Photon Cannon x2  
  61  6:21  Gateway, Pylon  
  61  6:22  Gateway  
  61  6:24  Probe (Chrono Boost)  
  61  6:25  Gateway  
  62  6:27  Probe (Chrono Boost)  
  61  6:34  Protoss Ground Weapons Level 2  
  61  6:35  Probe (Chrono Boost)  
  61  6:37  Probe (Chrono Boost)  
  61  6:39  Blink (Chrono Boost)  
  63  6:41  Probe (Chrono Boost)  
  63  6:44  Probe  
  63  6:46  Pylon  
  65  6:53  Probe  
  66  6:56  Probe  
  66  6:58  Pylon, Assimilator  
  66  6:59  Robotics Bay  
  66  7:00  Observer  
  66  7:01  Assimilator  
  68  7:02  Dark Templar x2  
  68  7:07  Zealot  
  74  7:10  Probe (Chrono Boost)  
  74  7:11  Probe (Chrono Boost)  
  76  7:20  Probe x2 (Chrono Boost)  
  78  7:24  Pylon  
  78  7:27  Probe  
  78  7:28  Photon Cannon  
  79  7:34  Stalker x2  
  79  7:35  Stalker x3  
  89  7:39  Observer  
  90  7:48  Photon Cannon  
  90  7:49  Pylon  
  90  7:51  Photon Cannon  
  88  7:59  Zealot x5  
  88  8:05  Probe x2  
  104  8:07  Disruptor (Chrono Boost)  
  104  8:08  Probe  
  105  8:13  Zealot  
  107  8:20  Extended Thermal Lance (Chrono Boost)  
  107  8:28  Photon Cannon  
  107  8:29  Photon Cannon  
  107  8:31  Photon Cannon  
  107  8:33  Photon Cannon  
  107  8:40  Stargate  
  107  8:41  Pylon  
  111  8:42  Disruptor (Chrono Boost), Stargate  
  111  8:43  Probe x3  
  112  8:51  Zealot  
  112  8:55  Protoss Ground Weapons Level 3 (Chrono Boost)  
  104  9:05  Probe x3  
  107  9:10  Nexus, Warp Prism (Chrono Boost)  
  107  9:12  Pylon  
  107  9:15  Pylon  
  109  9:21  Assimilator  
  109  9:25  Assimilator  
  109  9:28  Pylon  
  109  9:33  Fleet Beacon  
  109  9:38  Disruptor  
  109  9:43  Photon Cannon  
  109  9:45  Photon Cannon  
  109  9:48  Photon Cannon  
  109  9:51  Gateway  
  109  9:52  Gateway  
  109  9:53  Photon Cannon  
  109  9:55  Gateway, Photon Cannon  
  109  9:57  Gateway  
  109  9:58  Photon Cannon  
  109  9:59  Disruptor  
  113  10:32  Disruptor  
  113  10:41  Disruptor, Pylon  
  113  10:42  Disruptor, Pylon  
  117  10:45  Photon Cannon  
  117  10:51  Photon Cannon  
  117  11:24  Disruptor  
  117  11:28  Colossus  
  117  11:29  Protoss Ground Armor Level 1 (Chrono Boost)  
  117  11:32  Observer Gravitic Boosters (Chrono Boost)  
  123  11:33  Disruptor  
  123  11:46  Zealot x2  
  123  11:47  Zealot x3  
  129  11:48  Zealot  
  129  11:49  Zealot  
  119  12:22  Colossus  
  125  12:37  Forge  
  125  12:42  Nexus  
  125  12:43  Pylon  
  125  12:46  Pylon  
  125  12:49  Assimilator  
  125  12:52  Zealot x6  
  125  12:53  Assimilator  
  125  12:58  Pylon  
  137  12:59  Pylon  
  137  13:02  Zealot x2  
  137  13:03  Zealot x2  
  145  13:12  Zealot  
  145  13:13  Zealot x5  
  145  13:31  Protoss Shields Level 1 (Chrono Boost)  
  143  13:36  Protoss Ground Armor Level 2 (Chrono Boost)  
  133  13:42  Photon Cannon  
  133  13:45  Photon Cannon  
  133  13:47  Photon Cannon  
  127  13:50  Photon Cannon  
  127  13:52  Photon Cannon  
  127  13:55  Photon Cannon  
  125  13:57  Zealot x4  
  125  13:58  Zealot  
  125  13:59  Photon Cannon  
  135  14:03  Photon Cannon  
  135  14:05  Photon Cannon  
  135  14:06  Zealot x3  
  135  14:07  Zealot x2  
  135  14:09  Photon Cannon  
  143  14:21  Gateway  
  143  14:23  Gateway  
  143  14:27  Gateway  
  143  14:29  Gateway  
  143  14:32  Gateway x2  
  143  14:36  Gateway x2  
  133  14:39  Gateway  
  133  14:41  Anion Pulse-Crystals (Chrono Boost), Phoenix (Chrono Boost)  
  133  14:42  Gateway, Phoenix (Chrono Boost)  
  133  14:44  Gateway  
  129  14:46  Gateway x2  
  129  14:48  Gateway  
  129  14:49  Gateway  
  129  14:50  Gateway  
  129  14:52  Gateway  
  129  14:54  Photon Cannon  
  129  14:56  Pylon  
  129  14:57  Photon Cannon  
  129  14:59  Pylon  
  129  15:00  Phoenix x2 (Chrono Boost)  
  133  15:07  Photon Cannon  
  133  15:09  Photon Cannon  
  133  15:14  Protoss Air Weapons Level 1 (Chrono Boost), Photon Cannon  
  133  15:18  Photon Cannon  
  133  15:19  Photon Cannon  
  133  15:22  Photon Cannon  
  133  15:24  Phoenix x2 (Chrono Boost)  
  133  15:25  Photon Cannon  
  133  15:27  Protoss Shields Level 2 (Chrono Boost)  
  137  15:29  Photon Cannon  
  137  15:42  Phoenix (Chrono Boost)  
  133  15:57  Phoenix (Chrono Boost)  
  135  16:06  Nexus  
  135  16:07  Phoenix (Chrono Boost)  
  135  16:09  Pylon x2  
  137  16:13  Pylon  
  137  16:14  Stargate  
  137  16:15  Phoenix (Chrono Boost)  
  137  16:17  Stargate  
  139  16:20  Assimilator  
  139  16:24  Assimilator  
  139  16:25  Phoenix (Chrono Boost)  
  141  16:26  Pylon  
  143  16:40  Phoenix (Chrono Boost)  
  143  16:45  Templar Archives, Phoenix (Chrono Boost)  
  145  16:52  Photon Cannon  
  145  16:54  Photon Cannon  
  145  16:56  Photon Cannon  
  145  16:57  Phoenix  
  145  16:59  Photon Cannon  
  147  17:02  Photon Cannon  
  147  17:05  Photon Cannon  
  147  17:07  Protoss Air Weapons Level 2 (Chrono Boost), Photon Cannon, Carrier, Phoenix  
  149  17:11  Photon Cannon  
  149  17:13  Cybernetics Core  
  149  17:18  Photon Cannon  
  149  17:22  Phoenix  
  149  17:29  Phoenix  
  154  18:04  Protoss Shields Level 3 (Chrono Boost)  
  154  18:08  Protoss Air Armor Level 1 (Chrono Boost)  
  154  18:21  Nexus  
  154  18:22  High Templar x3  
  154  18:23  High Templar x5  
  154  18:24  High Templar x4  
  154  18:25  Assimilator  
  154  18:26  Archon  
  178  18:27  Archon x3  
  178  18:28  Archon x2  
  178  18:29  Assimilator  
  178  18:33  Pylon  
  178  18:37  Pylon  
  178  18:39  Pylon  
  178  18:42  Pylon  
  178  18:53  Photon Cannon  
  178  18:54  Photon Cannon  
  178  18:57  Photon Cannon  
  178  18:59  Pylon, Photon Cannon  
  178  19:04  Photon Cannon  
  178  19:06  Photon Cannon  
  178  19:09  Photon Cannon  
  178  19:10  Photon Cannon  
  178  19:13  Dark Templar, Carrier x2, Photon Cannon  
  178  19:14  Carrier  
  178  19:15  Pylon  
  180  19:30  Disruptor  
  196  19:49  Disruptor  
  194  20:35  Protoss Air Armor Level 2 (Chrono Boost)  
  194  20:36  Protoss Air Weapons Level 3 (Chrono Boost)  
  194  20:40  Protoss Ground Armor Level 3 (Chrono Boost)  
  165  21:29  Carrier x4  
  189  22:33  Carrier x2  
  185  22:57  Phoenix  
  199  23:35  Protoss Air Armor Level 3 (Chrono Boost), Nexus  
  199  23:37  Pylon  
  199  23:39  Assimilator  
  199  23:41  Assimilator  
  199  23:47  Pylon  
  179  25:34  Phoenix (Chrono Boost)  
  179  25:35  Phoenix x3 (Chrono Boost)  
  145  26:47  Stalker x4, Pylon  
  145  26:48  Stalker x4  
  145  26:49  Stalker x4  
  145  26:50  Stalker  
  153  27:07  Photon Cannon  
  153  27:09  Photon Cannon  
  153  27:10  Photon Cannon  
  153  27:11  Photon Cannon  
  153  27:12  Photon Cannon  
  153  27:15  Photon Cannon  
  147  27:19  Pylon  
  147  27:21  Pylon  
  143  27:31  Pylon  
  137  27:51  Stalker x2, Zealot  
  137  27:52  Stalker x4, Nexus  
  137  27:53  Stalker x5  
  137  27:54  Stalker  
  137  27:57  Pylon  
  163  27:59  Pylon x2, Assimilator x2  
  163  28:00  Pylon  
  163  28:12  Photon Cannon  
  163  28:16  Photon Cannon  
  163  28:24  Photon Cannon  
  163  28:26  Photon Cannon  
  163  28:27  Photon Cannon  
  161  28:38  Photon Cannon  
  159  29:18  Pylon  
  159  29:23  Pylon  
  159  29:35  Pylon  
  159  29:39  Pylon  
  159  29:42  Pylon x2  
  159  29:45  Nexus, Pylon  
  157  29:48  Pylon  
  157  29:50  Pylon x2  
  149  29:54  Observer  
  149  29:59  Pylon, Photon Cannon  
  144  30:00  Photon Cannon  
  144  30:02  Photon Cannon  
  144  30:05  Photon Cannon  
  144  30:07  Photon Cannon  
  144  30:10  Photon Cannon  
  144  30:12  Photon Cannon  
  144  30:14  Photon Cannon  
  144  30:18  Photon Cannon  
  144  30:20  Photon Cannon  
  145  30:21  Observer  
  145  30:29  Photon Cannon  
  145  30:36  Photon Cannon  
  145  30:39  Photon Cannon  
  145  30:42  Observer, Photon Cannon  
  146  30:44  Photon Cannon x2  
  124  30:51  Photon Cannon  
  124  30:53  Photon Cannon  
  124  30:55  Stalker, Photon Cannon, Assimilator x2  
  124  30:56  Stalker x4  
  100  30:57  Stalker, Photon Cannon  
  100  30:59  Photon Cannon  
  100  31:00  Stalker x2, Photon Cannon  
  100  31:01  Stalker x4, Photon Cannon  
  100  31:03  Stalker x2  
  100  31:04  Stalker x3  
  122  31:05  Stalker x5  
  122  31:06  Stalker x2  
  138  31:36  Stalker x4  
  138  31:37  Stalker x6  
  138  31:38  Stalker x6  
  138  31:39  Stalker x4  
  178  31:40  Stalker x3  
  178  31:47  Observer  
  181  32:16  Observer  
  182  32:37  Observer  
  183  32:59  Observer  
  140  33:34  Stalker  
  140  33:35  Stalker x6  
  140  33:36  Stalker x4  
  140  33:37  Stalker x5  
  140  33:38  Stalker x3  
  140  33:39  Stalker x3  
  140  33:40  Stalker x2  
  128  34:06  Stalker x2  
  128  34:07  Stalker x6  
  128  34:08  Stalker x5  
  128  34:09  Stalker x5  
  150  34:10  Stalker x3  
  150  34:11  Stalker x3  
  148  34:30  Charge (Chrono Boost)  
  96  35:17  Nexus  
  96  35:20  Pylon  
  96  35:22  Pylon  
  96  35:25  Pylon  
  96  35:34  Assimilator  
  96  35:41  Zealot  
  96  35:42  Zealot x6  
  108  35:43  Zealot x4  
  108  35:44  Zealot x6  
  108  35:45  Zealot x3  
  122  36:05  Photon Cannon  
  122  36:07  Photon Cannon  
  122  36:09  Photon Cannon  
  92  36:11  Photon Cannon  
  92  36:13  Photon Cannon  
  92  36:17  Photon Cannon  
  90  36:20  Photon Cannon  
  90  36:21  Photon Cannon  
  90  36:23  Photon Cannon  
  90  36:37  Zealot  
  90  36:39  Zealot x3  
  98  36:40  Zealot x5  
  98  36:41  Zealot x6  
  98  36:42  Zealot x6  
  98  36:43  Zealot x3  
  138  36:55  Assimilator  
  138  37:00  Gateway  
  138  37:01  Gateway  
  138  37:02  Gateway  
  138  37:04  Gateway x2  
  138  37:05  Gateway  
  138  37:07  Gateway  
  138  37:11  Gateway  
  138  37:13  Gateway  
  138  37:14  Gateway  
  138  37:18  Gateway  
  138  37:20  Gateway  
  138  37:24  Gateway  
  130  37:54  Zealot x3  
  130  37:55  Zealot x3  
  130  37:57  Zealot x5  
  130  37:58  Zealot x3  
  134  37:59  Zealot x4  
  134  38:00  Zealot x2  
  134  38:01  Zealot x4  
  90  38:32  Zealot x2  
  90  38:33  Zealot x4  
  102  38:34  Zealot x3  
  102  38:35  Zealot x5  
  102  38:36  Zealot x6  
  102  38:37  Zealot x2  
  102  38:38  Zealot x4  
  102  38:39  Zealot x5  
  102  38:40  Zealot x4  
  90  39:23  Psionic Storm  
  90  39:24  Phoenix x2 (Chrono Boost)  
  90  39:25  Phoenix x2 (Chrono Boost)  
  98  39:41  Observer  
  98  39:43  Phoenix x2 (Chrono Boost)  
  98  39:44  Phoenix x2 (Chrono Boost)  
  107  39:54  Zealot x5  
  107  39:56  High Templar x5  
  107  39:57  High Templar  
  129  40:00  Phoenix x4  
  137  40:17  Nexus  
  137  40:19  Assimilator  
  131  40:23  Assimilator  
  131  40:24  Phoenix  
  131  40:25  Phoenix x2  
  131  40:26  Pylon  
  132  40:47  Zealot x3  
  132  40:48  Zealot x6  
  132  40:49  Zealot x6  
  162  40:50  Zealot  
  140  41:04  Observer  
  115  41:12  Dark Templar x4  
  115  41:13  Dark Templar x4  
  123  41:26  Photon Cannon  
  123  41:28  Photon Cannon  
  123  41:32  Photon Cannon  
  123  41:46  Observer  
  110  42:27  Nexus  
  110  42:30  Pylon, High Templar  
  110  42:31  High Templar x5  
  110  42:32  Pylon, High Templar x5  
  110  42:33  High Templar x2  
  110  42:34  Assimilator  
  134  42:40  Assimilator  
  119  43:19  Nexus, High Templar x4  
  127  43:20  High Templar x6  
  127  43:21  High Templar x5  
  127  43:22  High Templar x3  
  127  43:24  Archon x2  
  127  43:25  Archon x3  
  127  43:26  Archon x3  
  145  43:27  Archon  
  145  43:33  Colossus  
  151  43:55  High Templar x3  
  151  43:56  High Templar x5  
  151  43:57  High Templar x2  
  151  43:59  Archon  
  151  44:00  Archon x3  
  151  44:01  Archon  
  158  44:29  Archon  
  158  45:12  Nexus  
  158  45:17  Pylon  
  130  46:30  High Templar x2  
  130  46:31  High Templar x6  
  130  46:32  High Templar x2  
  150  46:51  Pylon  
  150  47:00  Pylon  
  150  47:11  Nexus  
  149  47:24  Pylon  
  149  47:27  Assimilator  
  149  47:31  Colossus, Assimilator  
  151  47:41  High Templar x4  
  151  47:42  High Templar x8  
  151  47:43  High Templar x6  
  151  47:44  High Templar x6  
  187  47:45  High Templar  
  187  47:48  Archon x6  
  187  47:49  Archon x5  
  187  47:50  Archon  
  184  48:41  Photon Cannon  
  184  48:42  Photon Cannon  
Tags
 
Add a new tag
Caveats
  • Supply blocks, unpowered buildings, or Contaminate may cause inaccurate times.
  • Supply counts are checked every 10 seconds.